 Dungeon Crawl Stone Soup version 0.28-a0-595-g9f6c0e134a (webtiles) character file.

Game seed: 8857950501469964647

16 lawman0 the Sneak (level 2, -3/25 HPs)
             Began as a Demigod Delver on Oct 4, 2021.
             Slain by a hound (4 damage)
             ... on level 5 of the Dungeon.
             The game lasted 00:01:06 (630 turns).

lawman0 the Sneak (Demigod Delver)                   Turns: 630, Time: 00:01:06

Health: -3/25      AC:  3    Str: 13    XL:     2   Next: 27%
Magic:  4/4        EV: 12    Int: 12    God:
Gold:   0          SH:  0    Dex: 15    Spells: 1/1 levels left

rFire   . . .      SeeInvis .   a - +0 spear
rCold   . . .      Faith    .   (no shield)
rNeg    . . .      Spirit   .   h - +1 robe of Intuition {rPois Stlth+}
rPois   +          Reflect  .   (no helmet)
rElec   .          Harm     .   (no cloak)
rCorr   .          Rampage  .   (no gloves)
Will    .....                   (no boots)
Stlth   ++++......              (no amulet)
HPRegen 0.08/turn               (no ring)
MPRegen 0.09/turn               (no ring)

@: no status effects
A: high mp 1, forlorn
a: no special abilities


You were on level 5 of the Dungeon.
You visited 1 branch of the dungeon, and saw 2 of its levels.

Inventory:

Hand Weapons
 a - a +0 spear (weapon)
Armour
 h - the +1 robe of Intuition (worn) {rPois Stlth+}
   (You found it on level 5 of the Dungeon)

   rPois:     It protects you from poison.
   Stlth:     It makes you more stealthy.
Wands
 g - a wand of digging (3)
Scrolls
 c - a scroll of fog
 d - a scroll of blinking {unknown}
 e - a scroll of fear
Potions
 b - a potion of cancellation {unknown}
 f - a potion of haste


   Skills:
 + Level 2.8 Fighting
 + Level 1.8 Polearms
 + Level 0.1 Armour
 + Level 1.8 Dodging
 + Level 4.9 Stealth


You had one spell level left.
You didn't know any spells.
Your spell library was empty.

Dungeon Overview and Level Annotations

Branches:
Dungeon (5/15)
 Temple: D:4-7

Shops:
D:5 (*


Innate Abilities, Weirdness & Mutations

Your attributes grow dramatically as you level up.
You have an increased reservoir of magic. (+10% MP)
You shall have no god before yourself.


Message History

The hound barely misses you.
You closely miss the hound. The hound bites you.
You hit the hound.
The hound is lightly wounded.
The hound closely misses you. The hound barely misses you.
You closely miss the hound.
The hound is lightly wounded.
The hound bites you but does no damage.
An iguana comes into view.
The hound bites you.
You hit the hound.
The hound is moderately wounded.
The hound bites you.
You hit the hound.
The hound is heavily wounded.
The hound bites you. The hound bites you but does no damage.
You barely miss the hound.
The hound is heavily wounded.
The hound bites you.
You hit the hound.
The hound is severely wounded.
The hound closely misses you. The hound bites you.
You are too injured to fight recklessly!
You barely miss the hound.
The hound is severely wounded.
The hound bites you but does no damage.
You are too injured to fight recklessly!
You closely miss the hound.
The hound is severely wounded.
The hound bites you. The hound closely misses you. The iguana bites you!
* * * LOW HITPOINT WARNING * * *
You are too injured to fight recklessly!
You hit the hound.
The hound is severely wounded.
The hound closely misses you. The iguana barely misses you.
You are too injured to fight recklessly!
You hit the hound but do no damage.
The hound is severely wounded.
The hound bites you.
You die...

,,,,,,,,,...,,,,,,,>,,,,*,*
**,****,*#.#**,,,,,,,*,,,,* *,*
*,*#.# *,,,,,,,*,.,,* **,*
**,*#.# *,#######..,,** ,,,*
#...#.###+#<.$....,,,,*
*****#...#...........#,,,,,*
,,,,,,...#.#.........#,,,,,*
******#.(#.#.........#***,,*****
,,,,,,*..#.#...l@h...# *,,,,,,*
,,,,,,*#.#.#.........# *,,,**,*
,,,,,,*#.#.#[........# *,,,,*,*
,,,,,,*#...########### *,,,,*,*
,,,,,,*#...# #....#,*
,,,,,,*#...# ♣♣♣♣♣♣♣♣♣#....#,**
,,,,,,*#..>####♣.......♣#....#,,,
,,,,,,*#......#♣.∩.⌠.∩.♣#..#.###*
,,,,,,*#........................,


You could see an iguana and a hound.

Vanquished Creatures
  An adder (D:5)
  A shadow imp (D:5)
2 creatures vanquished.

Notes
Turn   | Place    | Note
-------+----------+-------------------------------------------
     0 | D:5      | lawman0 the Demigod Delver began the quest for the Orb.
     0 | D:5      | Reached XP level 1. HP: 18/18 MP: 3/3
     3 | D:5      | Found Abloet's Weapon Emporium.
     6 | D:5      | Found Vonepe's Assorted Antiques.
    59 | D:5      | Reached XP level 2. HP: 4/25 MP: 4/4
    60 | D:5      | Identified the +1 robe of Intuition {rPois Stlth+}
   347 | D:4      | Noticed a scorpion
   628 | D:5      | HP: 1/25 [iguana (10)]
   630 | D:5      | Slain by a hound

Illustrated notes

Levels and vault maps discovered:
D:4:      layout_cave_pools, mainiacjoe_overflow_concentric_impassable,
          serial_shops, nicolae_shop_statue_plus, uniq_ijyb, uniq_edmund,
          uniq_crazy_yiuf_cottage
D:5:      layout_basic, nicolae_wooded_promenade, lemuel_flame_loot_1

Action                   || total
-------------------------++-------
Melee: Spear             ||    29
  Use: Scroll            ||     1
       Potion            ||     1
Armor: Leather armour    ||     5
       Robe              ||     3
Dodge: Dodged            ||    16

Table legend: (Time is in decaauts)
 A = Elapsed time spent in this place.
 B = Non-inter-level travel time spent in this place.
 C = Inter-level travel time spent in this place.
 D = Time resting spent in this place.
 E = Time spent auto-exploring this place.
 F = Levels seen in this place.
 G = Mean time per level.
                   A        B        C        D        E       F      G
               +--------+--------+--------+--------+--------+-----+--------+
         Total |    631 |    631 |      0 |    437 |     25 |   2 |  315.5 |
       Dungeon |    631 |    631 |      0 |    437 |     25 |   2 |  315.5 |
               +--------+--------+--------+--------+--------+-----+--------+

Top non-repeatable levels by time:
     D:5: 629 daAuts
     D:4: 1 daAuts
